 Dungeon Crawl Stone Soup version 0.25.1-2-g60ff931df9 (webtiles) character file.

Game seed: 13711384414308032784

36860 Johnny the Earth Mage (level 13, 0/86 HPs)
             Began as a Demigod Earth Elementalist on Oct 4, 2020.
             Slain by an orc warlord
             ... wielding a +1 long sword
              (26 damage)
             ... on level 2 of the Orcish Mines.
             The game lasted 00:30:50 (21674 turns).

Johnny the Earth Mage (Demigod Earth Elementalist) Turns: 21674, Time: 00:30:51

Health: 0/86       AC: 12    Str: 17    XL:     13   Next: 23%
Magic:  3/33       EV: 12    Int: 34    God:
Gold:   463        SH:  5    Dex: 16    Spells: 21/34 levels left

rFire    . . .     SeeInvis .   q - +6 great sword of Xom's Anger {vorpal, Int+7}
rCold    . . .     Gourm    .   (shield currently unavailable)
rNeg     . . .     Faith    .   J - +0 leather armour {MR+}
rPois    .         Spirit   .   (no helmet)
rElec    +         Reflect  +   o - +0 cloak
rCorr    +         Harm     .   F - +0 pair of gloves
MR       +++..                  O - +2 pair of boots of the Hall of Blades {*Drain rCorr Stlth+}
Stlth    +++.......             R - amulet of reflection
HPRegen  0.24/turn              y - +4 ring of protection
MPRegen  0.23/turn              H - ring "Rej Latzou" {rElec MR+ Str+6}

@: lightly drained
A: high mp 1
a: no special abilities


You were on level 2 of the Orcish Mines.
You were very hungry.

You visited 2 branches of the dungeon, and saw 16 of its levels.
You visited 1 bazaar.
You also visited: Sewer and Ossuary.

You collected 1167 gold pieces.
You spent 704 gold pieces at shops.

Inventory:

Hand Weapons
 q - the +6 great sword of Xom's Anger (weapon) {vorpal, Int+7}
   (You found it in a sewer)

   It inflicts extra damage upon your enemies.
   It affects your intelligence (+7).
Missiles
 b - 101 stones (quivered)
Armour
 o - a +0 cloak (worn)
 u - a +0 kite shield
 F - a +0 pair of gloves (worn)
 J - a +0 leather armour of magic resistance (worn)
 O - the +2 pair of boots of the Hall of Blades (worn) {*Drain rCorr Stlth+}
   (You found it on level 10 of the Dungeon)

   It provides partial protection from all sources of acid and corrosion.
   It causes draining when unequipped.
   It makes you more stealthy.
Magical Staves
 f - an uncursed staff of summoning {unknown}
Jewellery
 y - a +4 ring of protection (left hand)
 H - the ring "Rej Latzou" (right hand) {rElec MR+ Str+6}
   (You found it on level 8 of the Dungeon)

   [ring of strength]

   It affects your strength (+6).
   It insulates you from electricity.
   It affects your resistance to hostile enchantments.
 P - an uncursed amulet of the acrobat
 R - an amulet of reflection (around neck)
Wands
 v - a wand of digging (3)
 S - a wand of paralysis (3)
Scrolls
 e - 8 scrolls of remove curse
 i - 2 scrolls of magic mapping
 j - 9 scrolls of enchant armour
 k - 5 scrolls of blinking
 m - 4 scrolls of amnesia
 n - 11 scrolls of teleportation
 C - 2 scrolls of fog
 D - 3 scrolls of immolation
 E - 2 scrolls of enchant weapon
 I - 7 scrolls of random uselessness {unknown}
 L - 2 scrolls of noise
Potions
 a - 3 potions of ambrosia
 g - 2 potions of stabbing
 h - 2 potions of lignification
 p - 3 potions of heal wounds
 r - 2 potions of might {unknown}
 s - a potion of haste
 t - a potion of magic {unknown}
 w - 5 potions of degeneration {unknown}
 x - 2 potions of berserk rage {unknown}
 z - 13 potions of curing {unknown}
 A - 4 potions of invisibility {unknown}
 B - 3 potions of mutation {unknown}
 G - 3 potions of cancellation {unknown}
 K - 3 potions of flight
 M - a potion of resistance {unknown}
 N - 2 potions of brilliance {unknown}
Comestibles
 d - 28 rations


   Skills:
 - Level 1.7(1.4) Dodging
 - Level 1.7(1.3) Stealth
 - Level 4.1(3.7) Shields
 + Level 11.4(10.9) Spellcasting
 - Level 0.8(0.5) Transmutations
 * Level 16.5(16.0) Earth Magic


You had 21 spell levels left.
You knew the following spells:

 Your Spells              Type           Power        Failure   Level  Hunger
a - Sandblast             Erth           ######       0%          1    None
b - Stone Arrow           Conj/Erth      ######       1%          3    None
c - Lee's Rapid Deconstr  Erth           #######...   1%          5    ##.....
d - Petrify               Tmut/Erth      ######..     1%          4    None

Your spell library contained the following spells:

 Spells                   Type           Power        Failure   Level  Hunger
 Passwall                 Tmut/Erth      ######..     1%          2    None
 Animate Skeleton         Necr           N/A          3%          1    None
 Pain                     Necr           ###.         3%          1    None
 Shock                    Conj/Air       ###.         3%          1    None
 Swiftness                Chrm/Air       ###.....     4%          2    None
 Static Discharge         Conj/Air       ###.....     9%          3    None
 Vampiric Draining        Necr           ###.......   9%          3    None
 Bolt of Magma            Conj/Fire/Erth ######....   10%         5    ##.....
 Iron Shot                Conj/Erth      ######....   17%         6    ####...
 Airstrike                Air            ###.......   30%         4    None
 Animate Dead             Necr           N/A          30%         4    None
 Agony                    Necr           ###.....     63%         5    ##.....
 Iskenderun's Battlesphe  Conj/Chrm      ###.....     63%         5    ##.....
 Lightning Bolt           Conj/Air       ###.......   63%         5    ##.....
 Orb of Destruction       Conj           ###.......   100%        7    ######.
 Spellforged Servitor     Conj/Summ      ###.......   100%        7    ######.


Dungeon Overview and Level Annotations

Branches:
Dungeon (14/15)            Temple (0/1) D:5            Lair (0/6) D:9
    Orc (2/2) D:9             Elf (0/3) Orc:2         Sewer (visited)
Ossuary (visited)
 Vaults: D:13-14

Shops:
D:8 (   Orc:2 :

Annotations:
D:10 1 runed translucent door, Johnny's ghost, journeyman DgEE


Innate Abilities, Weirdness & Mutations

You have an increased reservoir of magic. (+10% MP)


Message History

Aim: an orc warlord, wielding a +1 long sword, wearing a +2 plate armour of fire resistance and wearing a +0 kite shield (severely wounded, chance to defeat MR: 46%)
The orc warlord resists with some effort.
The orc warlord completely misses you.
You riposte.
The orc warlord blocks your attack.
The orc warlord is severely wounded.
Casting: Petrify (mildly dangerous; 1% risk of failure)
Confirm with . or Enter, or press ? or * to list all spells.
You don't have enough magic to cast that spell.
Unknown command.
Casting: Petrify (mildly dangerous; 1% risk of failure)
Confirm with . or Enter, or press ? or * to list all spells.
Aiming: Petrify (mildly dangerous; 1% risk of failure)
Press: ? - help, Shift-Dir - straight line, f/p - orc warlord
Aim: an orc warlord, wielding a +1 long sword, wearing a +2 plate armour of fire resistance and wearing a +0 kite shield (severely wounded, chance to defeat MR: 46%)
The orc warlord resists with some effort.
The orc warlord hits you with a +1 long sword!!
* * * LOW HITPOINT WARNING * * *
There is a stone staircase leading up here.
The orc warlord hits you with a +1 long sword!!
You die...

#..........................).....
#................................
#..............#.................
##................######.........
##.#...........#.#_,,,#.........
*#.....#).........#,,,.'.........
*.......#.........######..#....(.
*#.....##.)[[.......)...........#
##..####.[..)[o@.>..^...........
*...##.........................#
*#,##.................#####..###
**#.................##,∩,##..#
##.#.............##,,,,,*#.#
#......).........#,,,_,,,*.#
##.....#.........#,,,8,,,*,**
##...............#,,,,,,,*,,*
##.#..............#*,,,,,**,,,


You could see an orc warlord.

Vanquished Creatures
  An orc warlord (D:9)
  Azrael (Orc:2)
  Harold (D:11)
  A hydra (D:13)
  A centaur warrior (D:13)
  3 two-headed ogres
  An ogre mage (Orc:2)
  A tengu warrior (D:13)
  4 skeletal warriors (D:13)
  2 unseen horrors
  A phantasmal warrior (D:14)
  Pikel (D:3)
  An orc knight (Orc:2)
  6 orc sorcerers
  2 ugly things (D:11)
  2 manticores
  2 cyclopes
  3 gargoyles
  Psyche (D:11)
  Joseph (D:10)
  2 komodo dragons
  2 trolls
  A queen bee (D:8)
  A tengu conjurer (D:13)
  A hornet (D:8)
  5 hippogriffs
  4 slime creatures (D:12)
  3 wyverns
  8 yaks (D:11)
  4 fire bats (D:9)
  A basilisk (D:14)
  3 fire elementals
  3 hungry ghosts
  Menkaure (D:5)
  2 wargs
  3 water moccasins
  4 hell hounds
  4 ice beasts
  28 orc warriors
  2 phantoms
  A slave (D:4)
  2 black bears
  6 sky beasts
  An eye of draining (D:9)
  9 ogres
  A crocodile (Sewer)
  10 centaurs
  4 big kobolds
  7 bullfrogs
  A gnoll sergeant (D:10)
  A water moccasin zombie (D:7)
  A wyvern zombie (D:13)
  8 scorpions
  2 wyvern skeletons
  21 killer bees
  19 wights
  2 howler monkeys
  10 crimson imps
  A bullfrog zombie (D:13)
  6 hounds
  3 lava snakes
  2 quasits
  13 orc priests
  A centaur zombie (D:8)
  A jelly (D:5)
  A centaur skeleton (D:10)
  A human zombie (Ossuary)
  2 iguanas
  3 bullfrog skeletons
  11 worker ants
  16 orc wizards
  Ijyb (D:3)
  2 big kobold zombies (Ossuary)
  A hound zombie (D:5)
  4 mummies (Ossuary)
  A worker ant zombie (D:5)
  5 gnolls (D:10)
  11 adders
  2 river rats (D:3)
  4 shadow imps
  An adder zombie (D:5)
  8 worms
  A leopard gecko (D:11)
  79 orcs
  5 bats
  4 giant cockroaches
  4 hobgoblins
  16 jackals
  4 quokkas
  2 ball pythons (D:3)
  A frilled lizard (D:3)
  2 gnoll zombies (Ossuary)
  2 goblins
  A goblin zombie (Ossuary)
  2 hobgoblin zombies (Ossuary)
  28 kobolds
  A quokka skeleton (D:4)
  A quokka zombie (D:5)
  6 rats
  3 fire vortices (D:9)
487 creatures vanquished.

Vanquished Creatures (collateral kills)
  The ghost of Elkerch the Quickloader, a novice CeAM (D:7)
  An acid dragon (D:11)
  A hungry ghost (D:7)
  A hound zombie (D:11)
4 creatures vanquished.

Vanquished Creatures (others)
  3 yaks (D:11)
  An orc warrior (D:9)
  A killer bee (D:8)
  A shadow imp (D:7)
  2 orcs
8 creatures vanquished.

Grand Total: 499 creatures vanquished

Notes
Turn   | Place    | Note
-------+----------+-------------------------------------------
     0 | D:1      | Johnny the Demigod Earth Elementalist began the quest for
                  | the Orb.
     0 | D:1      | Reached XP level 1. HP: 14/14 MP: 5/5
   446 | D:1      | Reached skill level 3 in Earth Magic
   902 | D:1      | Reached XP level 2. HP: 20/20 MP: 5/7
  1273 | D:2      | Reached XP level 3. HP: 26/26 MP: 7/9
  1934 | D:2      | Found a shimmering blue altar of Sif Muna.
  2074 | D:3      | Noticed a sky beast
  2081 | D:3      | Killed a sky beast
  2081 | D:3      | Reached skill level 4 in Earth Magic
  2081 | D:3      | Reached XP level 4. HP: 21/33 MP: 4/11
  2257 | D:3      | Reached XP level 5. HP: 35/38 MP: 7/12
  2345 | D:3      | Found a glowing drain.
  2358 | D:3      | Reached skill level 5 in Earth Magic
  2373 | Sewer    | Entered a sewer
  2537 | Sewer    | Got a polished great sword
  2538 | Sewer    | Identified the +6 great sword of Xom's Anger {vorpal,
                  | Int+7} (You found it in a sewer)
  2810 | D:3      | Reached XP level 6. HP: 21/45 MP: 5/14
  2823 | D:3      | Noticed Ijyb
  2827 | D:3      | Killed Ijyb
  3034 | D:3      | Learned a level 3 spell: Stone Arrow
  3048 | D:3      | Learned a level 5 spell: Lee's Rapid Deconstruction
  3104 | D:3      | Found an ancient bone altar of Kikubaaqudgha.
  3511 | D:4      | Reached skill level 1 in Shields
  3511 | D:4      | Reached skill level 6 in Earth Magic
  3880 | D:4      | Found an iron altar of Okawaru.
  3942 | D:4      | Reached XP level 7. HP: 18/50 MP: 11/16
  4417 | D:4      | Noticed Pikel
  4515 | D:3      | Killed Pikel
  4515 | D:3      | Reached skill level 7 in Earth Magic
  4515 | D:3      | Reached XP level 8. HP: 28/57 MP: 14/18
  4905 | D:5      | Entered Level 5 of the Dungeon
  5096 | D:5      | Reached skill level 5 in Spellcasting
  5145 | D:5      | Reached skill level 8 in Earth Magic
  5755 | D:5      | Found a glowing golden altar of the Shining One.
  5800 | D:5      | Found a staircase to the Ecumenical Temple.
  6128 | D:5      | Noticed Menkaure
  6134 | D:5      | Killed Menkaure
  6613 | D:6      | Found a blossoming altar of Fedhas.
  7048 | D:6      | Found a shattered altar of Ashenzari.
  7049 | D:6      | Found a shimmering altar of Xom.
  7144 | D:6      | Reached skill level 9 in Earth Magic
  7463 | D:7      | Found a runed translucent gate.
  7463 | D:7      | Noticed a komodo dragon
  7464 | D:7      | Found a runed translucent gate.
  7468 | D:7      | Reached XP level 9. HP: 58/62 MP: 11/21
  7476 | D:7      | Noticed Elkerch's ghost (novice CeAM)
  7693 | D:7      | Found a runed translucent gate.
  8388 | D:7      | Reached skill level 10 in Earth Magic
  8517 | D:7      | Killed Elkerch's ghost
  8549 | D:7      | Killed a komodo dragon
  8661 | D:8      | Got a slimy jade ring
  8675 | D:8      | Found a sand-covered staircase.
  8681 | Ossuary  | Entered an ossuary
  8970 | Ossuary  | Identified the ring "Rej Latzou" {rElec MR+ Str+6} (You
                  | found it on level 8 of the Dungeon)
  9125 | D:8      | Reached XP level 10. HP: 44/69 MP: 22/24
  9148 | D:8      | Reached skill level 11 in Earth Magic
  9374 | D:8      | Found a shadowy altar of Dithmenos.
  9497 | D:8      | Found Pibripya's Weapon Boutique.
  9501 | D:8      | Bought 9 stones for 9 gold pieces
  9501 | D:8      | Bought 16 stones for 17 gold pieces
 10026 | D:8      | Noticed a two-headed ogre
 10029 | D:8      | Killed a two-headed ogre
 10032 | D:8      | Reached skill level 12 in Earth Magic
 10445 | D:9      | Killed an unseen horror
 10884 | D:9      | Found a basalt altar of Yredelemnul.
 10902 | D:9      | Found a sparkling altar of Nemelex Xobeh.
 11251 | D:9      | Found a staircase to the Lair.
 11386 | D:9      | Reached XP level 11. HP: 74/74 MP: 7/27
 12151 | D:9      | Found a staircase to the Orcish Mines.
 12197 | D:10     | Entered Level 10 of the Dungeon
 12203 | D:10     | Learned a level 4 spell: Petrify
 12257 | D:10     | Noticed Joseph
 12263 | D:10     | Killed Joseph
 12282 | D:10     | Reached skill level 13 in Earth Magic
 12541 | D:10     | Got a pair of smoking boots
 12552 | D:10     | Identified the +2 pair of boots of the Hall of Blades
                  | {*Drain rCorr Stlth+} (You found it on level 10 of the
                  | Dungeon)
 12566 | D:10     | Found a runed translucent door.
 12567 | D:10     | Found a shimmering altar of Xom.
 12567 | D:10     | Noticed Johnny's ghost (journeyman DgEE)
 12568 | D:10     | Noticed a +2 dire flail of chaos
 14068 | D:11     | Killed an unseen horror
 14447 | D:11     | Reached skill level 14 in Earth Magic
 14509 | D:11     | Noticed Psyche
 14513 | D:11     | Killed Psyche
 14894 | D:11     | Noticed Harold
 14901 | D:11     | Killed Harold
 15778 | D:12     | Reached XP level 12. HP: 52/81 MP: 19/30
 16365 | D:12     | Reached skill level 10 in Spellcasting
 17175 | D:13     | Noticed a seven-headed hydra
 17177 | D:13     | Killed a seven-headed hydra
 17179 | D:13     | Noticed a centaur warrior
 17215 | D:13     | Killed a centaur warrior
 17503 | D:13     | Reached skill level 15 in Earth Magic
 18847 | Orc:1    | Entered Level 1 of the Orcish Mines
 18870 | Orc:1    | Noticed an orc warlord
 19062 | D:9      | Killed an orc warlord
 19756 | Orc:2    | Entered Level 2 of the Orcish Mines
 19756 | Orc:2    | Found a staircase to the Elven Halls.
 19832 | Orc:2    | Reached skill level 16 in Earth Magic
 19861 | Orc:2    | Found a flickering gateway to a bazaar.
 19871 | Orc:2    | Noticed Azrael
 19878 | Bazaar   | Entered a bazaar
 19878 | Bazaar   | Found Bobassen's Weapon Boutique.
 19878 | Bazaar   | Found Wemoshaf's General Store.
 19878 | Bazaar   | Found Esieceud's Gadget Shop.
 19878 | Bazaar   | Found Cuolauc's Magic Scroll Shop.
 19881 | Bazaar   | Bought a scroll of identify for 16 gold pieces
 19881 | Bazaar   | Bought a scroll of blinking for 60 gold pieces
 19881 | Bazaar   | Bought a scroll of magic mapping for 28 gold pieces
 19881 | Bazaar   | Bought a scroll of blinking for 60 gold pieces
 19883 | Bazaar   | Bought a scroll of teleportation for 39 gold pieces
 19883 | Bazaar   | Bought a potion of flight for 39 gold pieces
 19883 | Bazaar   | Bought 31 stones for 40 gold pieces
 19889 | Bazaar   | Bought a wand of paralysis (8) for 90 gold pieces
 19889 | Bazaar   | Bought a wand of paralysis (5) for 63 gold pieces
 19889 | Bazaar   | Bought a wand of clouds (5) for 243 gold pieces
 19992 | Orc:1    | Reached XP level 13. HP: 13/86 MP: 21/32
 20363 | Orc:1    | Found a roughly hewn altar of Beogh.
 20775 | Orc:2    | Killed Azrael
 20866 | Orc:2    | Noticed an orc warlord
 21430 | Orc:2    | Found a roughly hewn altar of Beogh.
 21435 | Orc:2    | Found Kyoxigg's Book Shoppe.
 21674 | Orc:2    | Slain by an orc warlord

Illustrated notes

Levels and vault maps discovered:
D:1:      mrwooster_arrival_statue_2, layout_basic
D:2:      layout_loops_ring, led_sif_pool
D:3:      layout_loops_ring, kiku_gazebo_garden_becter, portal_sewer_entry_b,
          first_ration, columned_hall_lemuel, uniq_ijyb
D:4:      layout_basic, okawaru_ov_weapons_minmay, uniq_pikel
D:5:      layout_loops_ring, kennysheep_little_box,
          minmay_temple_entry_enclosed_plants, minmay_misc_feat_ornament,
          kennysheep_generic_room_4, uniq_menkaure
D:6:      layout_loops_ring, grunt_temple_overflow_open, serial_bayou,
          serial_bayou_pond_d, serial_bayou_ford_a, serial_bayou_pond_c,
          serial_bayou_shore_a, fedhas_altar_3
D:7:      layout_gridville, gammafunk_ghost_split
D:8:      minmay_cornered_nines, layout_loops_ring,
          grunt_dithmenos_smoke_and_mirrors, serial_shops, shop,
          enter_ossuary_1, david_nohive_1
D:9:      layout_loops_ring, lemuel_crystal_altar,
          nemelex_xobeh_ov_fountains_minmay, lair_entry_dummy, david_orc_4,
          hangedman_incinerator
D:10:     layout_irregular_city, ebering_ghost_xom, uniq_joseph
D:11:     layout_irregular_city, uniq_psyche, uniq_harold
D:12:     layout_basic, feat_on_display
D:13:     layout_gridville
D:14:     layout_loops_cross, david_vaults_4, minmay_crystal_water,
          minmay_guarded_unrand_vampires_tooth
Orc:1:    layout_caves, basic_altar, guppyfry_library_mini
Orc:2:    grunt_orc_community_town_hall, layout_caves,
          grunt_orc_community_big_house_2, grunt_orc_community_big_house_1,
          grunt_orc_community_house_2, grunt_orc_community_house_1,
          grunt_orc_community_house_1, grunt_orc_community_house_2,
          grunt_orc_community_house_1, serial_shops, bzr_entry_dummy,
          basic_altar, uniq_azrael

Skill      XL: |  1  2  3  4  5  6  7  8  9 10 11 12 |
---------------+-------------------------------------+-----
Earth Magic    | 3 4 5 6 7 9 10 12 14 16 | 16.5
Spellcasting   | 2 3 4 5 7 8 9 11 | 11.4
Shields        | 1 3 4 |  4.1
Dodging        | |  1.7
Stealth        | |  1.7
Transmutations | |  0.8

Action                   |  1- 3 |  4- 6 |  7- 9 | 10-12 | 13-15 || total
-------------------------+-------+-------+-------+-------+-------++-------
Melee: Unarmed           |    11 |     2 |       |       |       ||    13
       Great sword       |       |    26 |   107 |   223 |    27 ||   383
 Cast: Sandblast         |    51 |    64 |    73 |   173 |    49 ||   410
       Stone Arrow       |       |       |    15 |    56 |     4 ||    75
       Lee's Rapid Decon |       |       |     6 |    93 |    35 ||   134
       Petrify           |       |       |       |    12 |     9 ||    21
Evoke: Wand              |       |       |     6 |    21 |    27 ||    54
  Use: Scroll            |       |       |    14 |     7 |     2 ||    23
       Potion            |       |       |       |     5 |       ||     5
 Stab: Sleeping          |       |     2 |     4 |     6 |       ||    12
       Petrifying        |       |       |       |     1 |     1 ||     2
       Distracted        |       |       |       |     1 |       ||     1
       Paralysed         |       |       |       |       |     6 ||     6
       Petrified         |       |       |       |       |     5 ||     5
  Eat: Chunk             |     3 |     7 |    17 |    37 |     5 ||    69
       Ration            |       |       |       |     2 |       ||     2
Armor: Robe              |     5 |     7 |    75 |    12 |       ||    99
       Leather armour    |       |       |       |   216 |    14 ||   230
       Skin              |       |       |       |    17 |       ||    17
Dodge: Dodged            |    23 |    27 |   126 |   323 |    13 ||   512
Block: Other             |       |       |       |       |     7 ||     7
       Rpst.: Great sword |       |     5 |    30 |    90 |     3 ||   128
